 Dungeon Crawl Stone Soup version 0.28.0 (webtiles) character file.

Game seed: 5741541349600404865

800 Buxparty the Charlatan (level 7, -2/53 HPs)
             Began as a Gnoll Wanderer on Feb 12, 2022.
             Slain by a vampire (4 damage)
             ... on level 4 of the Dungeon.
             The game lasted 00:14:24 (4832 turns).

Buxparty the Charlatan (Gnoll Wanderer)             Turns: 4832, Time: 00:14:26

Health: -2/53      AC: 15    Str: 15    XL:     7   Next: 90%
Magic:  15/15      EV: 13    Int: 11    God:
Gold:   141        SH:  0    Dex: 18    Spells: 17/17 levels left

rFire   + . .      SeeInvis .   b - +2 dagger (venom)
rCold   x . .      Faith    .   (no shield)
rNeg    + + .      Spirit   .   E - +5 ring mail "Xewi" {rF+ rC- rN++ rCorr}
rPois   .          Reflect  .   (no helmet)
rElec   .          Harm     .   (no cloak)
rCorr   +          Rampage  .   (no gloves)
Will    .....                   F - +0 pair of boots
Stlth   ++........              (no amulet)
HPRegen 0.00/turn               j - +6 ring of strength
MPRegen 0.14/turn               s - +4 ring of protection

@: inhibited regen, hasted, very quick
A: fangs 1, strong nose, distributed training, agile 1, inhibited regeneration,
wild magic 1
a: no special abilities


You were on level 4 of the Dungeon.
You visited 1 branch of the dungeon, and saw 7 of its levels.

You collected 141 gold pieces.

Inventory:

Hand Weapons
 a - a +0 shortbow
 b - a +2 dagger of venom (weapon)
 r - a +0 hand crossbow
Missiles
 c - 33 arrows
 e - 41 bolts
 g - 30 sling bullets
 l - 140 stones
 n - 23 poisoned darts
Armour
 w - a +2 leather armour
 E - the +5 ring mail "Xewi" (worn) {rF+ rC- rN++ rCorr}
   (You found it on level 5 of the Dungeon)

   rF:        It protects you from fire.
   rC:        It makes you vulnerable to cold.
   rN:        It greatly protects you from negative energy.
   rCorr:     It protects you from acid and corrosion.
 F - a +0 pair of boots (worn)
Jewellery
 j - a +6 ring of strength (left hand)
 s - a +4 ring of protection (right hand)
 B - an amulet of magic regeneration
Wands
 d - a wand of flame (5) (quivered)
 u - a wand of paralysis (11)
Scrolls
 f - a scroll of identify {unknown}
 m - a scroll of magic mapping {unknown}
 p - a scroll of amnesia {unknown}
 q - a scroll of teleportation {unknown}
 y - a scroll of blinking {unknown}
 D - a scroll of silence {unknown}
Potions
 i - a potion of flight {unknown}
 k - a potion of mutation
 o - a potion of resistance {unknown}
 t - a potion of heal wounds {unknown}
 v - 2 potions of brilliance {unknown}
 x - a potion of lignification {unknown}
 z - 3 potions of curing {unknown}
 A - 2 potions of magic {unknown}
 C - a potion of attraction {unknown}


   Skills:
 + Level 3.8 Fighting
 + Level 2.7 Short Blades
 + Level 2.7 Long Blades
 + Level 2.7 Axes
 + Level 2.7 Maces & Flails
 + Level 2.7 Polearms
 + Level 2.7 Staves
 + Level 2.7 Slings
 + Level 5.4 Bows
 + Level 2.7 Crossbows
 + Level 2.7 Throwing
 + Level 2.7 Armour
 + Level 5.4 Dodging
 + Level 2.7 Stealth
 + Level 2.7 Shields
 + Level 2.7 Unarmed Combat
 + Level 5.7 Spellcasting
 + Level 2.2 Conjurations
 + Level 2.2 Hexes
 + Level 2.2 Summonings
 + Level 2.2 Necromancy
 + Level 2.2 Translocations
 + Level 2.2 Transmutations
 + Level 2.2 Fire Magic
 + Level 2.2 Ice Magic
 + Level 2.2 Air Magic
 + Level 2.2 Earth Magic
 + Level 2.2 Poison Magic
 + Level 3.0 Invocations
 + Level 7.1 Evocations


You had 17 spell levels left.
You didn't know any spells.
Your spell library contained the following spells:

 Spells                   Type           Power      Damage    Failure   Level
 Foxfire                  Conj/Fire      40%        2x1d6     22%         1
 Sandblast                Erth           20%        2d7       22%         1
 Passwall                 Tmut/Erth      8%         N/A       30%         2
 Conjure Flame            Conj/Fire      10%        6-21      50%         3
 Dazzling Flash           Conj/Hex       20%        N/A       50%         3
 Inner Flame              Hex/Fire       10%        N/A       50%         3
 Stone Arrow              Conj/Erth      20%        3d8       50%         3
 Flame Wave               Conj/Fire      10%        2d5       88%         4
 Iskenderun's Mystic Bla  Conj/Tloc      10%        2d4       88%         4
 Starburst                Conj/Fire      5%         6d4       100%        6


Dungeon Overview and Level Annotations

Branches:
Dungeon (7/15)
 Temple: D:4-7

Altars:

Shops:
D:1 *

Annotations:
D:3 1 runed translucent door, Crazy Yiuf
D:4 2 transporters, Boromir's ghost, amateur DsBe


Innate Abilities, Weirdness & Mutations

You have very sharp teeth.
Your uncanny sense of smell can sniff out nearby items.
Your experience applies equally to all skills.
You are agile. (Dex +2)
You do not regenerate when monsters are visible.
Your spells are a little harder to cast, but a little more powerful.


Message History

You clumsily bash something but do no damage.
Something hits you. Something bites you but does no damage.
Something hits you but does no damage. Something barely misses you.
You clumsily bash something but do no damage.
You bite something. Something hits you but does no damage. Something bites you.
Your +2 dagger of venom begins to drip with poison!
b - a +2 dagger of venom (weapon)
You hear some strange, mumbled words.
You are confused.
You are no longer glowing.
You completely miss something. Something hits you. Something bites you!
You bump into the rock wall.
Something hits you! Something bites you but does no damage.
You bump into the rock wall.
Something hits you but does no damage. Something bites you!
Something draws strength from your injuries!
You completely miss something. Your bite misses something.
You completely miss something. Something hits you but does no damage.
Something bites you but does no damage.
You bump into the rock wall.
A vampire appears from thin air!
Reactivating autopickup.
The vampire barely misses you.
The vampire bites you but does no damage.
You feel less confused. The vampire misses you. The vampire bites you.
You closely miss the vampire. Your punch misses the vampire.
Your bite misses the vampire. The vampire closely misses you.
The vampire bites you!
* * * LOW HITPOINT WARNING * * *
The vampire draws strength from your injuries!
It was a potion of haste.
You feel yourself speed up. The vampire hits you.
* * * LOW HITPOINT WARNING * * *
The vampire closely misses you.
It was a potion of mutation.
You feel extremely strange.
You feel less in control of your magic.
Your regeneration stops near monsters.
You feel agile. The vampire hits you.
* * * LOW HITPOINT WARNING * * *
The vampire bites you.
You die...

#.##.##.##.## ##.# #.##.##.#
#.##..#.###.## ##<## #....##.#
#.##....# ##.###.## #....##.#
#.###†#.# ##.#.######...###.#
#.###.#.# #...........####.#
#.......# ##.######........#
#####.### ########.#.######
#.########..........#
#........#@V......#########
#########.##.#.#.#######........#
.....# #.##.....# #.........
.#...####.####.#.# #.#......#
.......##.####.#.## #.#......#
##...#.##.....)...# #.#.......
##..#.########...# #.#......#
##..#.# #...# #......<##
##...#.########...# #.........


You could see a vampire.

Vanquished Creatures
  Sigmund (D:3)
  A necrophage (D:5)
  A kobold brigand (D:4)
  3 scorpions
  A bullfrog zombie (D:5)
  2 hounds
  An orc priest (D:3)
  A centaur skeleton (D:4)
  3 gnolls (D:5)
  2 adders
  A white imp (D:5)
  An ufetubus (D:5)
  A worm (D:4)
  7 orcs
  4 ball pythons
  2 bats (D:1)
  4 endoplasms
  2 giant cockroaches
  4 hobgoblins
  3 jackals (D:1)
  6 quokkas
  A frilled lizard (D:1)
  11 goblins
  24 kobolds
  4 rats
  A spectral goblin (D:3)
92 creatures vanquished.

Vanquished Creatures (others)
  27 plants (D:4)
27 creatures vanquished.

Grand Total: 119 creatures vanquished

Notes
Turn   | Place    | Note
-------+----------+-------------------------------------------
     0 | D:1      | Buxparty the Gnoll Wanderer began the quest for the Orb.
     0 | D:1      | Buxparty set off with the following items: a +0 shortbow, a
                  | +2 leather armour, 26 arrows, a wand of flame (6)
     0 | D:1      | Reached XP level 1. HP: 17/17 MP: 6/6
   276 | D:1      | Reached XP level 2. HP: 23/23 MP: 7/7
   510 | D:1      | Reached XP level 3. HP: 21/28 MP: 9/9
   767 | D:1      | Reached skill level 5 in Spellcasting
   796 | D:1      | Found Dyjumiuw's Assorted Antiques.
  1540 | D:2      | Reached skill level 1 in Invocations
  1855 | D:3      | Found a faded altar of an unknown god.
  1948 | D:3      | Reached skill level 1 in Short Blades
  1948 | D:3      | Reached skill level 1 in Long Blades
  1948 | D:3      | Reached skill level 1 in Axes
  1948 | D:3      | Reached skill level 1 in Maces & Flails
  1948 | D:3      | Reached skill level 1 in Polearms
  1948 | D:3      | Reached skill level 1 in Staves
  1948 | D:3      | Reached skill level 1 in Slings
  1948 | D:3      | Reached skill level 1 in Crossbows
  1948 | D:3      | Reached skill level 1 in Throwing
  1948 | D:3      | Reached skill level 1 in Armour
  1948 | D:3      | Reached skill level 1 in Stealth
  1948 | D:3      | Reached skill level 1 in Shields
  1948 | D:3      | Reached skill level 1 in Unarmed Combat
  1948 | D:3      | Reached XP level 4. HP: 20/34 MP: 11/11
  2195 | D:3      | Noticed Sigmund
  2202 | D:3      | Killed Sigmund
  2203 | D:3      | Reached skill level 1 in Conjurations
  2203 | D:3      | Reached skill level 1 in Hexes
  2203 | D:3      | Reached skill level 1 in Summonings
  2203 | D:3      | Reached skill level 1 in Necromancy
  2203 | D:3      | Reached skill level 1 in Translocations
  2203 | D:3      | Reached skill level 1 in Transmutations
  2203 | D:3      | Reached skill level 1 in Fire Magic
  2203 | D:3      | Reached skill level 1 in Ice Magic
  2203 | D:3      | Reached skill level 1 in Air Magic
  2203 | D:3      | Reached skill level 1 in Earth Magic
  2203 | D:3      | Reached skill level 1 in Poison Magic
  2203 | D:3      | Reached XP level 5. HP: 41/41 MP: 12/12
  2203 | D:3      | Reached XP level 6. HP: 47/47 MP: 13/13
  2277 | D:3      | Found a runed translucent door.
  2278 | D:3      | Noticed Crazy Yiuf
  3043 | D:4      | Reached skill level 5 in Bows
  3043 | D:4      | Reached skill level 5 in Dodging
  3244 | D:4      | Found a transporter.
  3332 | D:4      | Noticed Boromir's ghost (amateur DsBe)
  3334 | D:4      | Found a transporter.
  3699 | D:4      | Reached XP level 7. HP: 46/52 MP: 15/15
  4015 | D:5      | Entered Level 5 of the Dungeon
  4024 | D:5      | Reached skill level 7 in Evocations
  4232 | D:5      | You fall into a shaft and drop 2 floors!
  4359 | D:5      | Identified the +5 ring mail "Xewi" {rF+ rC- rN++ rCorr}
  4704 | D:5      | Noticed a vampire
  4832 | D:4      | Gained mutation: Your spells are a little harder to cast,
                  | but a little more powerful. [potion of mutation]
  4832 | D:4      | Gained mutation: You do not regenerate when monsters are
                  | visible. [potion of mutation]
  4832 | D:4      | Gained mutation: You are agile. (Dex +2) [potion of
                  | mutation]
  4832 | D:4      | HP: 2/53 [vampire (3)]
  4832 | D:4      | Slain by a vampire

Illustrated notes

Levels and vault maps discovered:
D:1:      minmay_arrival_plants_in_alcoves, layout_loops_ring, serial_shops,
          shop, minmay_hedge_maze, chequers_arboretum
D:2:      layout_basic
D:3:      kennysheep_big_flooded_room, layout_basic,
          dreamdust_ecumenical_altar_drowned_temple, uniq_sigmund,
          uniq_crazy_yiuf_cottage
D:4:      kennysheep_kobold_camp, layout_loops_cross, gammafunk_ghost_arena
D:5:      layout_rooms
D:6:      layout_loops_corners, mainiacjoe_overflow_small_starburst,
          mainiacjoe_overflow_brackets, serial_shops,
          nicolae_shop_overgrown_old_shop, minmay_misc_feat_x
D:7:      layout_loops_ring, mainiacjoe_overflow_chevrons,
          minmay_temple_entry_junction

Skill      XL: |  1  2  3  4  5  6  7 |
---------------+----------------------+-----
Spellcasting   | 5 |  5.7
Invocations    | 1 2 3 |  3.0
Short Blades   | 1 2 |  2.7
Long Blades    | 1 2 |  2.7
Axes           | 1 2 |  2.7
Maces & Flails | 1 2 |  2.7
Polearms       | 1 2 |  2.7
Staves         | 1 2 |  2.7
Slings         | 1 2 |  2.7
Crossbows      | 1 2 |  2.7
Throwing       | 1 2 |  2.7
Armour         | 1 2 |  2.7
Stealth        | 1 2 |  2.7
Shields        | 1 2 |  2.7
Unarmed Combat | 1 2 |  2.7
Fighting       | 3 |  3.8
Conjurations   | 1 2 |  2.2
Hexes          | 1 2 |  2.2
Summonings     | 1 2 |  2.2
Necromancy     | 1 2 |  2.2
Translocations | 1 2 |  2.2
Transmutations | 1 2 |  2.2
Fire Magic     | 1 2 |  2.2
Ice Magic      | 1 2 |  2.2
Air Magic      | 1 2 |  2.2
Earth Magic    | 1 2 |  2.2
Poison Magic   | 1 2 |  2.2
Bows           | 5 |  5.4
Dodging        | 5 |  5.4
Evocations     | 7 |  7.1

Action                   |  1- 3 |  4- 6 |  7- 9 || total
-------------------------+-------+-------+-------++-------
Melee: Dagger            |       |    41 |    44 ||    85
       Bite              |       |     9 |    11 ||    20
       Punch             |       |     2 |     2 ||     4
       Shortbow          |       |       |     4 ||     4
 Fire: Shortbow          |   104 |    93 |    44 ||   241
Evoke: Wand              |     1 |       |       ||     1
  Use: Potion            |       |       |     2 ||     2
 Stab: Sleeping          |       |       |     1 ||     1
Armor: Leather armour    |    10 |    21 |     5 ||    36
       Ring mail         |       |       |    25 ||    25
Dodge: Dodged            |    28 |    40 |    50 ||   118
